 Dungeon Crawl Stone Soup version 0.27.1-34-g3ba077fa99 (webtiles) character file.

Game seed: 785657920951406556

19 Delamore the Sneak (level 2, 0/19 HPs)
             Began as an Octopode Brigand on Feb 11, 2022.
             Succumbed to an adder's poison
             ... on level 2 of the Dungeon.
             The game lasted 00:00:39 (837 turns).

Delamore the Sneak (Octopode Brigand)                Turns: 837, Time: 00:00:39

Health: 0/19       AC:  1    Str: 10    XL:     2   Next: 75%
Magic:  2/2        EV: 12    Int: 13    God:
Gold:   32         SH:  0    Dex: 13    Spells: 1/1 levels left

rFire    . . .     SeeInvis .   a - +2 dagger
rCold    . . .     Faith    .   (no shield)
rNeg     . . .     Spirit   .   (helmet restricted)
rPois    .         Reflect  .   (no amulet)
rElec    .         Harm     .   (no ring)
rCorr    .         Rampage  .   (no ring)
Will     .....                  (no ring)
Stlth    ++++......             (no ring)
HPRegen  0.06/turn              (no ring)
MPRegen  0.08/turn              (no ring)
                                (no ring)
                                (no ring)

@: brilliant, lethally poisoned (0 -> -9)
A: almost no armour, amphibious, 8 rings, camouflage 1, gelatinous body 1,
(nimble swimmer 1), tentacles
a: no special abilities


You were on level 2 of the Dungeon.
You visited 1 branch of the dungeon, and saw 2 of its levels.

You collected 32 gold pieces.

Inventory:

Hand Weapons
 a - a +2 dagger (weapon)
Missiles
 b - 8 poisoned darts (quivered)
 c - 2 curare-tipped darts
Scrolls
 e - a scroll of noise {unknown}
 f - 2 scrolls of magic mapping {unknown}
 g - a scroll of identify {unknown}


   Skills:
 - Level 2.0 Fighting
 + Level 2.4 Short Blades
 - Level 2.0 Throwing
 - Level 1.0 Dodging
 * Level 6.1 Stealth


You had one spell level left.
You didn't know any spells.
Your spell library was empty.

Dungeon Overview and Level Annotations

Branches:
Dungeon (2/15)

Altars:


Innate Abilities, Weirdness & Mutations

You cannot wear most types of armour.
You are amphibious.
You can wear up to eight rings at the same time.
Your skin changes colour to match your surroundings (Stealth+).
Your rubbery body absorbs attacks. (AC +1, EV +1)
((You are camouflaged near water. (Stealth+)))
You have tentacles for arms and can constrict up to eight enemies at once.


Message History

The goblin shouts!
An adder comes into view.
The goblin closely misses you. x2
You closely miss the goblin.
The adder hisses angrily.
Your grab misses the goblin.
The goblin hits you with a +2 dagger of speed.
You hit the goblin.
You kill the goblin!
Found a puce potion.
The goblin misses you. The adder closely misses you.
Things that are here:
a +2 dagger of speed; a goblin corpse You hit the adder but do no damage.
You grab the adder. You constrict the adder. The adder closely misses you.
The goblin barely misses you.
You barely miss the adder.
The adder is lightly wounded.
You constrict the adder. The adder closely misses you.
The goblin barely misses you. The adder completely misses you.
You hit the adder.
The adder is heavily wounded.
You constrict the adder. The goblin hits you with a +0 dagger.
The adder bites you.
You are poisoned.
The adder poisons you!
You hit the adder.
The adder is almost dead.
You constrict the adder.
You feel sick. The goblin hits you with a +0 dagger.
* * * LOW HITPOINT WARNING * * *
The adder bites you.
* * * LOW HITPOINT WARNING * * *
You are more poisoned.
The adder poisons you!
You are too injured to fight recklessly!
You are too injured to fight recklessly!
It was a potion of brilliance.
You feel clever all of a sudden.
You constrict the adder.
You kill the adder!
You die...

....#.........#####
...................
...................
.........##.......
.######.........####
#................
#.#.............#
..................
....###....@...##.
...>......g.†..#
...#######.........
.. ..........
.....##.... ......#
.... .......# ...
.......!. ..


You could see a goblin.

Vanquished Creatures
  An adder (D:2)
  3 ball pythons (D:1)
  An endoplasm (D:1)
  2 goblins
  A hobgoblin (D:1)
  2 quokkas (D:1)
  5 bats (D:1)
  A frilled lizard (D:1)
  2 kobolds (D:1)
18 creatures vanquished.

Vanquished Creatures (others)
  A bat (D:1)
  A fungus (D:1)
  A plant (D:1)
3 creatures vanquished.

Grand Total: 21 creatures vanquished

Notes
Turn   | Place    | Note
-------+----------+-------------------------------------------
     0 | D:1      | Delamore the Octopode Brigand began the quest for the Orb.
     0 | D:1      | Reached XP level 1. HP: 14/14 MP: 1/1
   273 | D:1      | Reached XP level 2. HP: 19/19 MP: 2/2
   477 | D:1      | Reached skill level 6 in Stealth
   594 | D:1      | Found a faded altar of an unknown god.
   837 | D:2      | Succumbed to an adder's poison

Illustrated notes

Levels and vault maps discovered:
D:1:      roderic_chinese_lattice_arrival, layout_rooms,
          shapermc_ecumenical_altar_acropolis, minmay_misc_feat_iff,
          lemuel_flame_loot_1
D:2:      layout_basic, grunt_ministairs_10

Skill      XL: |  1  2 |
---------------+-------+-----
Stealth        | 6 |  6.1
Fighting       | |  2.0
Short Blades   | |  2.4
Throwing       | |  2.0
Dodging        | |  1.0

Action                   || total
-------------------------++-------
Melee: Dagger            ||    30
       Constrict         ||     7
       Tentacles         ||     3
  Use: Potion            ||     1
 Stab: Sleeping          ||     5
Armor: Skin              ||     3
Dodge: Dodged            ||    18
